3AA
BELVEDERE PARK RAWHIDES @ MARQUETTE MINERS
08/31/2028
 
TOP OF THE 1ST
Belvedere Park Rawhides batting - Pitching for Marquette Miners : LHP Chiel Abspoel
Pitching: LHP Chiel Abspoel
Batting: SHB Nobuhisa Hatoyama 0-0: Ball
1-0: Ball
2-0: Fly out, F9 (Flyball, 89M)
Batting: RHB José Luque 0-0: Ground out 6-3 (Groundball, 6)
Batting: RHB Tracy Parker 0-0: Fly out, F7 (Flyball, 7)
Top of the 1st over - 0 run(s), 0 hit(s), 0 error(s), 0 left on base; Belvedere Park 0 - Marquette 0
BOTTOM OF THE 1ST
Marquette Miners batting - Pitching for Belvedere Park Rawhides : RHP Arturio Sandolva
Pitching: RHP Arturio Sandolva
Batting: RHB Steve Koch 0-0: Swinging Strike
0-1: Swinging Strike
0-2: Foul Ball, location: 2F
0-2: Ball
1-2: Foul Ball, location: 2F
1-2: Foul Ball, location: 2F
1-2: Foul Ball, location: 2F
1-2: Ball
2-2: SINGLE (Groundball, 34D)
Batting: LHB Vicente Castaneda 0-0: Ball
Steve Koch steals 2nd base
1-0: Ball
2-0: Ball
3-0: Foul Ball, location: 2F
3-1: Called Strike
3-2: Base on Balls
Batting: LHB Tural Bishara 0-0: DOUBLE (Line Drive, 78D)
Steve Koch scores
Vicente Castaneda to third
Batting: SHB Eugene Clutch 0-0: Called Strike
0-1: Called Strike
0-2: Ball
1-2: Ball
2-2: Foul Ball, location: 2F
2-2: Fly out, F8 (Flyball, 8LM)
Runner from 3rd tags up, SCORES, no throw
Batting: RHB Edgar Balerio 0-0: Swinging Strike
0-1: Swinging Strike
0-2: Foul Ball, location: 2F
0-2: Ball
1-2: Ball
2-2: Strikes out swinging
Batting: RHB José Barroca 0-0: Ball
1-0: Ball
2-0: Fly out, F2 (Popup, 25)
Bottom of the 1st over - 2 run(s), 2 hit(s), 0 error(s), 1 left on base; Belvedere Park 0 - Marquette 2
TOP OF THE 2ND
Belvedere Park Rawhides batting - Pitching for Marquette Miners : LHP Chiel Abspoel
Batting: RHB David Martínez 0-0: Ball
1-0: Ball
2-0: Swinging Strike
2-1: Foul Ball, location: 2F
2-2: Ground out 6-3 (Groundball, 6)
Batting: RHB Ed Jozwiak 0-0: Ball
1-0: Foul Ball, location: 2F
1-1: Ball
2-1: Foul Ball, location: 2F
2-2: Strikes out looking
Batting: RHB Harry Gibson 0-0: Ball
1-0: Swinging Strike
1-1: Called Strike
1-2: Ball
2-2: Foul Ball, location: 2F
2-2: Strikes out swinging
Top of the 2nd over - 0 run(s), 0 hit(s), 0 error(s), 0 left on base; Belvedere Park 0 - Marquette 2
BOTTOM OF THE 2ND
Marquette Miners batting - Pitching for Belvedere Park Rawhides : RHP Arturio Sandolva
Batting: RHB Derrek Conklin 0-0: Ground out 4-3 (Groundball, 4)
Batting: RHB Manuel Rosales 0-0: Fly out, F7 (Flyball, 7LSF)
Batting: RHB Sameen Shaw 0-0: Called Strike
0-1: Called Strike
0-2: Ball
1-2: Foul Ball, location: 2F
1-2: Strikes out looking
Bottom of the 2nd over - 0 run(s), 0 hit(s), 0 error(s), 0 left on base; Belvedere Park 0 - Marquette 2
TOP OF THE 3RD
Belvedere Park Rawhides batting - Pitching for Marquette Miners : LHP Chiel Abspoel
Batting: RHB José Pérez 0-0: Called Strike
0-1: Swinging Strike
0-2: Ball
1-2: Ball
2-2: DOUBLE (Groundball, 5L)
Batting: LHB Dan O'Day 0-0: Called Strike
0-1: Fly out, F2 (Popup, 25)
Batting: RHB Jorge Alcantar 0-0: Ball
1-0: Called Strike
1-1: Ball
2-1: Ball
3-1: Ground out 5-3 (Groundball, 56)
Batting: SHB Nobuhisa Hatoyama 0-0: Ball
1-0: Swinging Strike
1-1: Foul Ball, location: 2F
1-2: Strikes out swinging
Top of the 3rd over - 0 run(s), 1 hit(s), 0 error(s), 1 left on base; Belvedere Park 0 - Marquette 2
BOTTOM OF THE 3RD
Marquette Miners batting - Pitching for Belvedere Park Rawhides : RHP Arturio Sandolva
Batting: RHB Steve Koch 0-0: Called Strike
0-1: Ball
1-1: Ball
2-1: Swinging Strike
2-2: Foul Ball, location: 2F
2-2: Ball
3-2: Foul Ball, location: 2F
3-2: Ground out 6-3 (Groundball, 56)
Batting: LHB Vicente Castaneda 0-0: Ball
1-0: Ball
2-0: Ball
3-0: Base on Balls
Batting: LHB Tural Bishara 0-0: Foul Ball, location: 2F
0-1: Ball
1-1: Ball
2-1: Foul Ball, location: 2F
2-2: SINGLE (Line Drive, 89S)
Vicente Castaneda to second
Batting: SHB Eugene Clutch 0-0: Ball
1-0: Ball
2-0: Swinging Strike
2-1: Ball
3-1: Swinging Strike
3-2: Base on Balls
Vicente Castaneda to third
Tural Bishara to second
Batting: RHB Edgar Balerio 0-0: Ball
1-0: SINGLE (Line Drive, 89S)
Vicente Castaneda scores
Tural Bishara to third
Eugene Clutch to second
Batting: RHB José Barroca 0-0: Ball
1-0: Called Strike
1-1: Swinging Strike
1-2: Ball
2-2: Foul Ball, location: 2F
2-2: Foul Ball, location: 2F
2-2: Foul Ball, location: 2F
2-2: Grounds into double play, 6-4-3 (Groundball, 6)
Bottom of the 3rd over - 1 run(s), 2 hit(s), 0 error(s), 2 left on base; Belvedere Park 0 - Marquette 3
TOP OF THE 4TH
Belvedere Park Rawhides batting - Pitching for Marquette Miners : LHP Chiel Abspoel
Batting: RHB José Luque 0-0: Ball
1-0: DOUBLE (Line Drive, 89D)
Batting: RHB Tracy Parker 0-0: Called Strike
0-1: Swinging Strike
0-2: Strikes out swinging
Batting: RHB David Martínez 0-0: Called Strike
0-1: Ball
1-1: DOUBLE (Line Drive, 7LM)
José Luque scores
Batting: RHB Ed Jozwiak 0-0: Called Strike
0-1: Fly out, F9 (Flyball, 89M)
Batting: RHB Harry Gibson 0-0: Ball
1-0: Called Strike
1-1: Called Strike
1-2: Foul Ball, location: 2F
1-2: Fly out, F7 (Line Drive, 7S)
Top of the 4th over - 1 run(s), 2 hit(s), 0 error(s), 1 left on base; Belvedere Park 1 - Marquette 3
BOTTOM OF THE 4TH
Marquette Miners batting - Pitching for Belvedere Park Rawhides : RHP Arturio Sandolva
Batting: RHB Derrek Conklin 0-0: Foul Ball, location: 2F
0-1: Ball
1-1: Called Strike
1-2: SINGLE (Line Drive, 89M)
Batting: RHB Manuel Rosales 0-0: Called Strike
0-1: Ball
1-1: Ground out 6-3 (Groundball, 6MS)
Derrek Conklin to second
Batting: RHB Sameen Shaw 0-0: SINGLE (Groundball, 4MD)
Derrek Conklin to third
Batting: RHB Steve Koch 0-0: Called Strike
0-1: Foul Ball, location: 2F
0-2: Fielders Choice at 2nd, 4-6 (Groundball, 4)
Derrek Conklin scores
Batting: LHB Vicente Castaneda 0-0: Foul Ball, location: 2F
0-1: Called Strike
0-2: Foul Ball, location: 2F
0-2: Ball
1-2: Ground out 6-3 (Groundball, 6M)
Bottom of the 4th over - 1 run(s), 2 hit(s), 0 error(s), 1 left on base; Belvedere Park 1 - Marquette 4
TOP OF THE 5TH
Belvedere Park Rawhides batting - Pitching for Marquette Miners : LHP Chiel Abspoel
Batting: RHB José Pérez 0-0: Ball
1-0: Ball
2-0: Swinging Strike
2-1: Fly out, F8 (Flyball, 89M)
Batting: LHB Dan O'Day 0-0: Called Strike
0-1: Ball
1-1: Ground out 6-3 (Groundball, 6)
Batting: RHB Jorge Alcantar 0-0: Ball
1-0: Ball
2-0: Called Strike
2-1: Swinging Strike
2-2: Strikes out swinging
Top of the 5th over - 0 run(s), 0 hit(s), 0 error(s), 0 left on base; Belvedere Park 1 - Marquette 4
BOTTOM OF THE 5TH
Marquette Miners batting - Pitching for Belvedere Park Rawhides : RHP Arturio Sandolva
Batting: LHB Tural Bishara 0-0: Called Strike
0-1: Foul Ball, location: 2F
0-2: Fly out, F7 (Flyball, 7)
Batting: SHB Eugene Clutch 0-0: Called Strike
0-1: Swinging Strike
0-2: Ball
1-2: Strikes out looking
Batting: RHB Edgar Balerio 0-0: Ball
1-0: Ball
2-0: Ball
3-0: Called Strike
3-1: Fly out, F4 (Popup, 34D)
Bottom of the 5th over - 0 run(s), 0 hit(s), 0 error(s), 0 left on base; Belvedere Park 1 - Marquette 4
TOP OF THE 6TH
Belvedere Park Rawhides batting - Pitching for Marquette Miners : LHP Chiel Abspoel
Batting: SHB Nobuhisa Hatoyama 0-0: Called Strike
0-1: TRIPLE (Flyball, 9D)
Batting: RHB José Luque 0-0: Ball
1-0: Called Strike
1-1: Called Strike
1-2: SINGLE (Popup, 4MD)
Nobuhisa Hatoyama scores
Batting: RHB Tracy Parker 0-0: Called Strike
José Luque steals 2nd base
0-1: Ball
1-1: Ball
2-1: Ball
3-1: Base on Balls
Batting: RHB David Martínez 0-0: Ball
José Luque steals 3rd base
Tracy Parker to second
1-0: Called Strike
1-1: Foul Ball, location: 2F
1-2: Strikes out looking
Batting: RHB Ed Jozwiak 0-0: Ball
1-0: Ground out 4-3 (Groundball, 4)
José Luque scores
Tracy Parker to third
Batting: RHB Harry Gibson 0-0: Called Strike
0-1: Ball
1-1: Ground out 6-3 (Groundball, 6)
Top of the 6th over - 2 run(s), 2 hit(s), 0 error(s), 1 left on base; Belvedere Park 3 - Marquette 4
BOTTOM OF THE 6TH
Marquette Miners batting - Pitching for Belvedere Park Rawhides : RHP Arturio Sandolva
Batting: RHB José Barroca 0-0: Called Strike
0-1: Ball
1-1: Called Strike
1-2: Ball
2-2: Foul Ball, location: 2F
2-2: Fly out, F7 (Flyball, 7LS)
Pitching: RHP Jim Atkinson
Batting: RHB Derrek Conklin 0-0: Ground out 4-3 (Groundball, 4)
Batting: RHB Manuel Rosales 0-0: Called Strike
0-1: Foul Ball, location: 2F
0-2: Foul Ball, location: 2F
0-2: Ball
1-2: Foul Ball, location: 2F
1-2: Ball
2-2: Strikes out swinging
Bottom of the 6th over - 0 run(s), 0 hit(s), 0 error(s), 0 left on base; Belvedere Park 3 - Marquette 4
TOP OF THE 7TH
Belvedere Park Rawhides batting - Pitching for Marquette Miners : LHP Chiel Abspoel
Batting: RHB José Pérez 0-0: Ball
1-0: SINGLE (Line Drive, 4M)
Pinch Hitting: RHB Kevin Johnson 0-0: Foul Ball, location: 2F
0-1: Ball
1-1: Foul Ball, location: 2F
1-2: Foul Ball, location: 2F
1-2: Strikes out swinging
Pinch Hitting: RHB Jorge López 0-0: Ball
1-0: Called Strike
1-1: Ball
2-1: Ball
3-1: Base on Balls
José Pérez to second
Pinch Hitting: RHB Ken Burton 0-0: Ball
1-0: Foul Ball, location: 2F
1-1: Grounds into double play, 4-6-3 (Groundball, 34)
Top of the 7th over - 0 run(s), 1 hit(s), 0 error(s), 1 left on base; Belvedere Park 3 - Marquette 4
BOTTOM OF THE 7TH
Marquette Miners batting - Pitching for Belvedere Park Rawhides : RHP Jim Atkinson
Now at 2B: Jorge López
Now in LF: Ken Burton
Now in CF: Kevin Johnson
Batting: RHB Sameen Shaw 0-0: Fly out, F9 (Flyball, 9LSF)
Batting: RHB Steve Koch 0-0: Foul Ball, location: 2F
0-1: Foul Ball, location: 2F
0-2: Ball
1-2: Ball
2-2: Foul Ball, location: 2F
2-2: Foul Ball, location: 2F
2-2: Foul Ball, location: 2F
2-2: Foul Ball, location: 2F
2-2: Fly out, F9 (Flyball, 9)
Batting: LHB Vicente Castaneda 0-0: Fly out, F4 (Popup, 4MD)
Bottom of the 7th over - 0 run(s), 0 hit(s), 0 error(s), 0 left on base; Belvedere Park 3 - Marquette 4
TOP OF THE 8TH
Belvedere Park Rawhides batting - Pitching for Marquette Miners : LHP Chiel Abspoel
Batting: RHB José Luque 0-0: Swinging Strike
0-1: Foul Ball, location: 2F
0-2: Ball
1-2: Strikes out swinging, 2-3 out at first.
Pitching: RHP Esteban Ramos
Batting: RHB Tracy Parker 0-0: Ball
1-0: Ball
2-0: Ball
3-0: Ground out 5-3 (Groundball, 56)
Batting: RHB David Martínez 0-0: Ball
1-0: Fly out, F7 (Flyball, 7)
Top of the 8th over - 0 run(s), 0 hit(s), 0 error(s), 0 left on base; Belvedere Park 3 - Marquette 4
BOTTOM OF THE 8TH
Marquette Miners batting - Pitching for Belvedere Park Rawhides : RHP Jim Atkinson
Batting: LHB Tural Bishara 0-0: Ball
1-0: Fly out, F9 (Flyball, 9D)
Batting: SHB Eugene Clutch 0-0: Fly out, F2 (Popup, 13S)
Batting: RHB Edgar Balerio 0-0: Fly out, F8 (Flyball, 78S)
Bottom of the 8th over - 0 run(s), 0 hit(s), 0 error(s), 0 left on base; Belvedere Park 3 - Marquette 4
TOP OF THE 9TH
Belvedere Park Rawhides batting - Pitching for Marquette Miners : RHP Esteban Ramos
Pitching: RHP James Neutron
Pinch Hitting: LHB José Marín 0-0: Ball
1-0: Foul Ball, location: 2F
1-1: Swinging Strike
1-2: Ball
2-2: Ground out 1-3 (Groundball, 13S)
Pinch Hitting: LHB Dan Webb 0-0: Ball
1-0: Ball
2-0: Ball
3-0: Called Strike
3-1: Base on Balls
Batting: RHB José Pérez 0-0: Ball
1-0: Foul Ball, location: 2F
1-1: Foul Ball, location: 2F
1-2: Foul Ball, location: 2F
1-2: SINGLE (Flyball, 9S)
Dan Webb to second
Runner from 2nd tries for 3rd, SAFE, no throw
Batting: RHB Kevin Johnson 0-0: Ball
1-0: Swinging Strike
1-1: Ball
2-1: Called Strike
2-2: Strikes out swinging
Batting: RHB Jorge López 0-0: Called Strike
0-1: Ball
1-1: Swinging Strike
1-2: Ball
2-2: Strikes out looking
Top of the 9th over - 0 run(s), 1 hit(s), 0 error(s), 2 left on base; Belvedere Park 3 - Marquette 4
Wednesday, August 30th, 2017 - OOTP Baseball 17.12 Build 75